 Dungeon Crawl Stone Soup version 0.30-a0-394-g3e4acdb0ae (webtiles) character file.

Game seed: 16022719966293422209

3325 zishaf the Trooper (level 10, 0/75 HPs)
             Began as a Djinni Venom Mage on Dec 6, 2022.
             Was a Follower of Makhleb.
             Slain by a yak (8 damage)
             ... on level 8 of the Dungeon.
             The game lasted 00:09:57 (6956 turns).

zishaf the Trooper (Djinni Venom Mage)              Turns: 6956, Time: 00:09:57

Health: 0/75       AC:  6    Str: 12    XL:     10   Next: 21%
Gold:   340        EV: 12    Int: 21    God:    Makhleb [*.....] SH:  6 Dex: 18

rFire   + + .      SeeInvis .    t - +8 scimitar "Gil Qak" {vorpal, Str+5 Dex+4}
rCold   x . .      Faith    .    w - +0 buckler
rNeg    . . .      Spirit   .    a - +0 robe
rPois   ∞          Reflect  .    q - +2 hat
rElec   .          Harm     .    (no cloak)
rCorr   .          Rampage  .    (no gloves)
Will    ++...                    (boots unavailable)
Stlth   ++........               (no amulet)
HPRegen 1.12/turn                n - ring of wizardry
MPRegen 0.00/turn                m - ring of wizardry

@: animating dead, flying
A: sickness immunity, fire resistance 2, cold vulnerability 1, float, innate
caster, HP casting, extra vitality 1, iridescent scales 1, strong-willed 1,
regeneration 1, wild magic 1
a: Renounce Religion


You were on level 8 of the Dungeon.
You worshipped Makhleb.
Makhleb was aware of your devotion.
You visited 1 branch of the dungeon, and saw 8 of its levels.
You also visited: Sewer.

You collected 420 gold pieces.
You spent 80 gold pieces at shops.

Inventory:

Hand Weapons
 t - the +8 scimitar "Gil Qak" (weapon) {vorpal, Str+5 Dex+4}
   (You found it in a sewer)

   It inflicts extra damage upon your enemies.
   Str:       It affects your strength (+5).
   Dex:       It affects your dexterity (+4).
Missiles
 y - 4 throwing nets
Armour
 a - a +0 robe (worn)
 q - a +2 hat (worn)
 s - the +0 ring mail "Osouselemu" {Int+3}
   (You found it on level 3 of the Dungeon)

   Int:       It affects your intelligence (+3).
 w - a +0 buckler (worn)
Jewellery
 m - a ring of wizardry (right hand)
 n - a ring of wizardry (left hand)
 v - a ring of resist corrosion
 B - a ring of ice
Wands
 h - a wand of flame (53)
 i - a wand of charming (23)
 r - a wand of roots (12)
Scrolls
 f - a scroll of brand weapon
 k - 5 scrolls of blinking
 l - 2 scrolls of immolation
 u - a scroll of vulnerability
 A - 3 scrolls of enchant weapon
Potions
 b - 2 potions of resistance
 c - a potion of attraction
 d - a potion of ambrosia
 e - 4 potions of curing {unknown}
 g - 2 potions of mutation
 j - a potion of magic {unknown}
 o - 2 potions of haste
 p - a potion of invisibility {unknown}
 x - 2 potions of heal wounds {unknown}
 z - a potion of lignification {unknown}


   Skills:
 + Level 7.4 Fighting
 + Level 5.2 Long Blades
 - Level 2.1 Dodging
 - Level 1.5 Stealth
 + Level 4.5 Shields
 + Level 6.2 Spellcasting
 + Level 3.5 Invocations
 - Level 2.0 Evocations


You had one spell level left.
You knew the following spells:

 Your Spells              Type           Power      Damage    Failure   Level
a - Sting                 Tmut/Pois      100%       1d8       1%          1
b - Poisonous Vapours     Pois/Air       84%        N/A       1%          2
c - Freeze                Ice            100%       1d10      1%          1
z - Mephitic Cloud        Conj/Pois/Air  42%        N/A       1%          3
A - Olgreb's Toxic Radia  Pois           42%        N/A       4%          4
B - Call Imp              Summ           42%        N/A       1%          2
C - Confusing Touch       Hex            42%        N/A       1%          3
D - Animate Dead          Necr           42%        N/A       4%          4
Your spell library was empty.

Dungeon Overview and Level Annotations

Branches:
Dungeon (8/15)             Temple (0/1) D:7           Sewer (visited)
   Lair: D:8-11

Altars:
Makhleb
Okawaru
Trog

Shops:
D:2 (   D:7 *

Annotations:
D:7 2 transporters, retardedninja's ghost, novice HOFi
D:8 Joseph


Innate Abilities, Weirdness & Mutations

You are immune to sickness and miasma.
You are immune to poison.
Your flesh is very heat resistant. (rF++)
You are vulnerable to cold. (rC-)
You float through the air rather than walking.
You learn spells naturally, not from books.
Your magical power is your life essence.
You have superior vitality. (+4 MHP)
You are partially covered in iridescent scales. (AC +2)
You are strong-willed. (Will+)
Your natural rate of healing is unusually fast.
Your spells are a little harder to cast, but a little more powerful.


Message History

The yak gores your orc wizard zombie!
Joseph shoots a sling bullet.
The sling bullet hits your orc wizard zombie!
Your orc wizard zombie is destroyed!
The yak looks even sicker.
The yak looks as sick as possible! x2
The yak looks even sicker.
Joseph looks as sick as possible!
The yak looks as sick as possible! x4
Your toxic aura wanes.
Your orc zombie hits the yak but does no damage.
The yak gores you.
Your orc zombie hits the yak but does no damage.
The yak closely misses you. The yak gores your orc zombie.
The yak gores your orc zombie!
Your orc zombie is destroyed!
You slash the yak!
You kill the yak!
Makhleb accepts your kill.
An orc comes into view. It is wielding a +0 dagger.
Your orc zombie barely misses the yak.
Casting: Olgreb's Toxic Radiance (dangerous; 4% risk of failure)
Confirm with . or Enter, or press ? or * to list all spells.
You dismiss your zombies and call upon the dead to rise afresh.
Your orc zombie crumbles into dust!
Your orc wizard zombie crumbles into dust!
Your orc priest zombie crumbles into dust!
You block the yak's attack. The yak gores you!
You slash the yak!
You kill the yak!
Makhleb accepts your kill.
The dead are walking!
The yak gores you!
Joseph shoots a sling bullet.
You block the sling bullet.
You hear a shout!
You hit the yak but do no damage.
The yak is severely wounded.
The yak gores you!
* * * LOW HITPOINT WARNING * * *
You block the yak's attack.
Joseph shoots a sling bullet.
The sling bullet hits you!
* * * LOW HITPOINT WARNING * * *
The yak gores you!
You die...

..............
..............
..............
.............. .^
.............# #.##
....)....o.#.##...#
.......Z.#.#.......
......@YY#.........
........@..........
......####.........
#.#.. #..........
#.. ###..######..
#. ##.#Z.#### #.
#........# .. .
##.......##....
#.....#.........
.##...###.#......


You could see Joseph (very poisoned), 2 yaks, an orc and a friendly yak zombie.

Vanquished Creatures
  A vampire (D:8)
  2 yaks (D:8)
  A steam dragon (D:7)
  A water moccasin (D:5)
  2 orc warriors
  A sky beast (D:6)
  3 centaurs
  2 kobold brigands (D:7)
  2 phantoms
  A necrophage (D:5)
  7 bullfrogs
  2 scorpions
  2 howler monkeys (D:5)
  An electric eel (D:8)
  3 jellies
  4 hounds
  5 orc priests
  A gnoll bouda (D:6)
  4 iguanas
  9 orc wizards
  10 gnolls
  11 adders
  2 river rats (D:4)
  3 white imps
  An ufetubus (D:6)
  2 worms
  2 dart slugs
  25 orcs
  12 ball pythons
  4 endoplasms
  12 giant cockroaches
  8 goblins
  8 hobgoblins
  3 jackals (D:3)
  9 quokkas
  4 bats
  12 frilled lizards
  15 kobolds
  7 rats
204 creatures vanquished.

Vanquished Creatures (collateral kills)
  An orc (D:7)
  A kobold (D:7)
2 creatures vanquished.

Vanquished Creatures (others)
  A kobold zombie (D:7)
  4 orc zombies
5 creatures vanquished.

Grand Total: 211 creatures vanquished

Notes
Turn   | Place    | Note
-------+----------+-------------------------------------------
     0 | D:1      | zishaf the Djinni Venom Mage began the quest for the Orb.
     0 | D:1      | zishaf set off with the following spells memorised: Sting,
                  | Poisonous Vapours, Mephitic Cloud, Olgreb's Toxic Radiance.
     0 | D:1      | Reached XP level 1. HP: 15/15 MP: 0/0
    94 | D:1      | Reached XP level 2. HP: 20/22 MP: 0/0
   124 | D:1      | Reached skill level 1 in Fighting
   866 | D:2      | Reached XP level 3. HP: 26/27 MP: 0/0
   866 | D:2      | Learned a level 1 spell: Freeze
  1354 | D:2      | Found Filoc's Antique Weapon Shop.
  1384 | D:2      | Reached skill level 2 in Fighting
  1499 | D:2      | Reached XP level 4. HP: 29/33 MP: 0/0
  2143 | D:3      | Reached XP level 5. HP: 27/40 MP: 0/0
  2143 | D:3      | Learned a level 2 spell: Call Imp
  2373 | D:3      | Reached skill level 3 in Fighting
  2416 | D:3      | Identified the +0 ring mail "Osouselemu" {Int+3}
  2600 | D:4      | Found a glowing drain.
  2615 | Sewer    | Entered a sewer
  2950 | Sewer    | Noticed a bullfrog
  2951 | Sewer    | Noticed a bullfrog
  2959 | Sewer    | Killed a bullfrog
  2960 | Sewer    | Reached XP level 6. HP: 23/47 MP: 0/0
  2963 | Sewer    | Reached skill level 4 in Fighting
  3135 | Sewer    | Identified the +8 scimitar "Gil Qak" {vorpal, Str+5 Dex+4}
  3257 | D:4      | Reached XP level 7. HP: 28/53 MP: 0/0
  3257 | D:4      | Learned a level 3 spell: Confusing Touch
  3532 | D:4      | Reached skill level 1 in Long Blades
  3779 | D:5      | Entered Level 5 of the Dungeon
  3821 | D:5      | Noticed a water moccasin
  3830 | D:5      | Killed a water moccasin
  3903 | D:5      | Reached skill level 5 in Fighting
  4128 | D:5      | Reached XP level 8. HP: 46/59 MP: 0/0
  4332 | D:5      | Reached skill level 1 in Evocations
  4417 | D:5      | Reached skill level 5 in Spellcasting
  4495 | D:5      | Found a large runed translucent door.
  4498 | D:5      | Found a large runed translucent door.
  4780 | D:5      | Found a bloodstained altar of Trog.
  4827 | D:6      | Reached skill level 1 in Shields
  5005 | D:6      | Reached skill level 6 in Fighting
  5170 | D:6      | Reached XP level 9. HP: 57/66 MP: 0/0
  5170 | D:6      | Learned a level 4 spell: Animate Dead
  5413 | D:6      | Found a burning altar of Makhleb.
  5489 | D:6      | Became a worshipper of Makhleb the Destroyer
  5859 | D:7      | Found Xuidghucw's General Store.
  5867 | D:7      | Reached skill level 1 in Invocations
  6233 | D:7      | Bought a potion of mutation for 80 gold pieces
  6233 | D:7      | Gained mutation: You occasionally lose the ability to read
                  | scrolls when taking damage. [potion of mutation]
  6233 | D:7      | Gained mutation: You have a somewhat thin skeletal
                  | structure. (Dex +2, Stealth+) [potion of mutation]
  6234 | D:7      | Lost mutation: You occasionally lose the ability to read
                  | scrolls when taking damage. [potion of mutation]
  6234 | D:7      | Lost mutation: You have a somewhat thin skeletal structure.
                  | (Dex +2, Stealth+) [potion of mutation]
  6234 | D:7      | Gained mutation: Your natural rate of healing is unusually
                  | fast. [potion of mutation]
  6234 | D:7      | Gained mutation: You are strong-willed. (Will+) [potion of
                  | mutation]
  6234 | D:7      | Gained mutation: You are partially covered in iridescent
                  | scales. (AC +2) [potion of mutation]
  6234 | D:7      | Gained mutation: Your spells are a little harder to cast,
                  | but a little more powerful. [potion of mutation]
  6243 | D:7      | Found an iron altar of Okawaru.
  6456 | D:7      | Reached * piety under Makhleb
  6457 | D:7      | Found a staircase to the Ecumenical Temple.
  6478 | D:7      | Reached skill level 7 in Fighting
  6689 | D:7      | Noticed a moth of wrath
  6690 | D:7      | Noticed retardedninja's ghost (novice HOFi)
  6692 | D:7      | Found a bloodstained altar of Trog.
  6692 | D:7      | Noticed a two-headed ogre
  6700 | D:7      | Found a transporter.
  6706 | D:7      | Found a transporter.
  6799 | D:8      | Reached XP level 10. HP: 63/75 MP: 0/0
  6836 | D:8      | Reached skill level 5 in Long Blades
  6944 | D:8      | Noticed Joseph
  6956 | D:8      | Slain by a yak

Illustrated notes

Levels and vault maps discovered:
D:1:      arrival_zaba_pyramid, layout_basic
D:2:      layout_loops_ring, serial_shops, shop, small_statue_intersection,
          bh_walls_and_bars
D:3:      layout_rooms
D:4:      layout_rooms, gup_sewer_entry_spiral
D:5:      layout_loops_cross, jmf_multi_god_temple2
D:6:      layout_basic, lightli_temple_of_fire, nicolae_grassy_gnolls
D:7:      layout_basic, pf_just_have_faith,
          minmay_temple_entry_drinking_statues, serial_shops,
          nicolae_shop_statue_plus, gammafunk_ghost_wrathful_warriors,
          minmay_circle_x
D:8:      layout_cave_pools, minmay_misc_feat_chi, lightli_minifort, uniq_joseph

Skill      XL: |  1  2  3  4  5  6  7  8  9 10 |
---------------+-------------------------------+-----
Fighting       | 1 2 3 4 5 6 7 |  7.4
Spellcasting   | 3 4 5 6 |  6.2
Long Blades    | 2 3 4 5 |  5.2
Evocations     | 2 |  2.0
Shields        | 2 4 |  4.5
Invocations    | 2 3 |  3.5
Dodging        | |  2.1
Stealth        | |  1.5

Action                   |  1- 3 |  4- 6 |  7- 9 | 10-12 || total
-------------------------+-------+-------+-------+-------++-------
Melee: Unarmed           |     1 |    27 |       |       ||    28
       Scimitar          |       |    16 |   200 |    18 ||   234
       Punch             |       |       |     2 |       ||     2
 Cast: Sting             |    42 |     6 |       |       ||    48
       Poisonous Vapours |    10 |    49 |     5 |       ||    64
       Freeze            |     5 |    44 |       |       ||    49
       Olgreb's Toxic Ra |       |     6 |     8 |     3 ||    17
       Call Imp          |       |     1 |       |       ||     1
       Animate Dead      |       |       |     2 |     1 ||     3
  Use: Scroll            |       |     6 |    11 |       ||    17
       Potion            |       |       |     2 |       ||     2
 Stab: Sleeping          |       |       |     4 |       ||     4
       Distracted        |       |       |     1 |       ||     1
Armor: Robe              |     2 |    25 |    35 |       ||    62
Dodge: Dodged            |    13 |    75 |   124 |    12 ||   224
Block: Buckler           |       |       |    37 |     9 ||    46

Table legend: (Time is in decaauts)
 A = Elapsed time spent in this place.
 B = Non-inter-level travel time spent in this place.
 C = Inter-level travel time spent in this place.
 D = Time resting spent in this place.
 E = Time spent auto-exploring this place.
 F = Levels seen in this place.
 G = Mean time per level.
                   A        B        C        D        E       F      G
               +--------+--------+--------+--------+--------+-----+--------+
         Total |   7013 |   6840 |    173 |    188 |   5418 |   9 |  779.2 |
       Dungeon |   6437 |   6264 |    173 |    188 |   4965 |   8 |  804.6 |
         Sewer |    576 |    576 |      0 |      0 |    453 |   1 |  576.0 |
               +--------+--------+--------+--------+--------+-----+--------+

Top non-repeatable levels by time:
     D:6: 1225 daAuts
     D:5: 1049 daAuts
     D:2: 889 daAuts
     D:1: 864 daAuts
     D:7: 778 daAuts
     D:3: 757 daAuts
     D:4: 701 daAuts
   Sewer: 576 daAuts
     D:8: 171 daAuts
